 Dungeon Crawl Stone Soup version 0.21.1-1-g345015f (webtiles) character file.

22 Mgcat the Insei (level 2, -1/23 HPs)
             Began as a Gnoll Transmuter on Feb 6, 2018.
             Slain by a quokka (3 damage)
             ... on level 2 of the Dungeon.
             The game lasted 00:02:15 (578 turns).

Mgcat the Insei (Gnoll Transmuter)                   Turns: 578, Time: 00:02:16

Health: -1/23      AC:  2    Str: 12    XL:     2   Next: 91%
Magic:  7/7        EV: 14    Int: 15    God:
Gold:   17         SH:  0    Dex: 15    Spells: 7/10 levels left

rFire    . . .     SeeInvis .   l - -3 hunting sling (curse)
rCold    . . .     Gourm    .   (no shield)
rNeg     + . .     Faith    .   b - +0 robe
rPois    .         Spirit   .   (no helmet)
rElec    .         Reflect  .   (no cloak)
rCorr    .         Harm     .   (no gloves)
MR       .....                  (no boots)
Stlth    ++........             (no amulet)
HPRegen  0.07/turn              j - ring of positive energy {rN+}
MPRegen  0.10/turn              (no ring)

@: no status effects
A: distributed training, fangs 1, strong nose
a: no special abilities


You were on level 2 of the Dungeon.
You were not hungry.

You visited 1 branch of the dungeon, and saw 2 of its levels.

You collected 17 gold pieces.

Inventory:

Hand Weapons
 l - a cursed -3 hunting sling (weapon)
   (You took it off a goblin on level 2 of the Dungeon)
Missiles
 a - 12 arrows
Armour
 b - a +0 robe (worn)
 k - a +0 pair of boots
   (You found it on level 2 of the Dungeon)
Jewellery
 j - a ring of positive energy (left hand) {rN+}
   (You found it on level 2 of the Dungeon)
Potions
 h - a potion of agility {unknown}
 i - a potion of invisibility {unknown}
Books
 c - a book of Changes
Comestibles
 d - 3 rations
 f - a chunk of flesh {@w0}


   Skills:
 + Level 2.5 Fighting
 + Level 0.5 Short Blades
 + Level 0.5 Long Blades
 + Level 0.5 Axes
 + Level 0.5 Maces & Flails
 + Level 0.5 Polearms
 + Level 0.5 Staves
 + Level 0.5 Slings
 + Level 0.5 Bows
 + Level 0.5 Crossbows
 + Level 0.5 Throwing
 + Level 0.5 Armour
 + Level 4.5 Dodging
 + Level 0.5 Stealth
 + Level 0.5 Shields
 + Level 6.5 Unarmed Combat
 + Level 4.9 Spellcasting
 + Level 0.4 Conjurations
 + Level 0.4 Hexes
 + Level 0.4 Charms
 + Level 0.4 Summonings
 + Level 0.4 Necromancy
 + Level 0.4 Translocations
 + Level 3.7 Transmutations
 + Level 0.4 Fire Magic
 + Level 0.4 Ice Magic
 + Level 0.4 Air Magic
 + Level 0.4 Earth Magic
 + Level 0.4 Poison Magic
 + Level 0.7 Invocations
 + Level 0.5 Evocations


You had 7 spell levels left.
You knew the following spells:

 Your Spells              Type           Power        Failure   Level  Hunger
a - Beastly Appendage     Tmut           ##....       3%          1    None
b - Sticks to Snakes      Tmut           ##......     5%          2    ##.....


Dungeon Overview and Level Annotations

Branches:
Dungeon (2/15)

Altars:
Xom


Innate Abilities, Weirdness & Mutations

Your experience applies equally to all skills.
You have very sharp teeth.
Your uncanny sense of smell can sniff out nearby items.


Message History

Okay, then.
Firing (i - inventory):
m - 4 stones (quivered)
Press: ? - help, Shift-Dir - straight line, f/p - ooze
Aim: an ooze You shoot a stone.
The stone hits the giant cockroach but does no damage.
Your talons disappear.
The giant cockroach bites you but does no damage.
The giant cockroach closely misses you.
Firing (i - inventory):
m - 3 stones (quivered)
Press: ? - help, Shift-Dir - straight line, f/p - ooze
Aim: an ooze You shoot a stone.
The stone hits the giant cockroach.
The giant cockroach is heavily wounded.
The giant cockroach closely misses you.
Firing (i - inventory):
m - 2 stones (quivered)
Press: ? - help, Shift-Dir - straight line, f/p - ooze
Aim: an ooze You shoot a stone.
The stone hits the giant cockroach.
The giant cockroach is almost dead.
The giant cockroach barely misses you. x2
Firing (i - inventory):
m - a stone (quivered)
Press: ? - help, Shift-Dir - straight line, f/p - ooze
Aim: an ooze You shoot a stone.
The stone hits the giant cockroach but does no damage.
The giant cockroach is almost dead.
The giant cockroach closely misses you.
Firing (i - inventory): No suitable missiles.
Press: ? - help, Shift-Dir - straight line, f/p - ooze
Aim: an ooze
Okay, then.
Firing (i - inventory): No suitable missiles.
Press: ? - help, Shift-Dir - straight line, f/p - ooze
Aim: an ooze
Okay, then.
Firing (i - inventory): No suitable missiles.
Press: ? - help, Shift-Dir - straight line, p - ooze
Okay, then.
Unknown command.
Really attack while wielding your cursed -3 hunting sling? [Y]es or [N]o only, please.
Really attack while wielding your cursed -3 hunting sling?
You clumsily bash the giant cockroach but do no damage.
The giant cockroach is almost dead.
The giant cockroach barely misses you. x2
You clumsily bash the giant cockroach but do no damage.
The giant cockroach is almost dead.
The giant cockroach closely misses you. The giant cockroach barely misses you.
You clumsily bash the giant cockroach but do no damage.
The giant cockroach is almost dead.
The giant cockroach bites you but does no damage.
The giant cockroach barely misses you.
You clumsily bash the giant cockroach but do no damage.
The giant cockroach is almost dead.
The giant cockroach completely misses you.
You clumsily bash the giant cockroach but do no damage.
The giant cockroach is almost dead.
The giant cockroach bites you.
The giant cockroach bites you but does no damage.
You clumsily bash the giant cockroach but do no damage.
The giant cockroach is almost dead.
The giant cockroach bites you but does no damage. x2
You clumsily bash the giant cockroach but do no damage.
The giant cockroach is almost dead.
The giant cockroach bites you. The giant cockroach barely misses you.
You closely miss the giant cockroach.
You kill the giant cockroach!
The quokka bites you but does no damage.
You clumsily bash the quokka but do no damage.
The quokka bites you but does no damage.
The quokka misses you.
You clumsily bash the quokka but do no damage.
The quokka bites you. The quokka misses you.
You clumsily bash the quokka but do no damage.
The ooze jiggles.
The quokka completely misses you. The quokka bites you.
You closely miss the quokka. The quokka barely misses you.
You clumsily bash the quokka but do no damage.
The quokka barely misses you. The quokka bites you.
You closely miss the quokka. The quokka misses you.
The quokka closely misses you.
You closely miss the quokka. Your bite misses the quokka.
The quokka misses you.
The quokka bites you but does no damage.
You miss the quokka.
The quokka bites you but does no damage.
The quokka bites you.
You barely miss the quokka. The quokka bites you.
You clumsily bash the quokka but do no damage.
Your bite misses the quokka. The quokka closely misses you.
The quokka misses you.
You clumsily bash the quokka but do no damage.
The quokka bites you.
* * * LOW HITPOINT WARNING * * *
The quokka bites you.
* * * LOW HITPOINT WARNING * * *
You clumsily bash the quokka but do no damage.
The quokka bites you.
You die...

#.#.#.#####.##.. ....
#........##.##.## #.##
#..!............# #..##
#........##.##..# ##.#.##
.((.............#####..##.#
......(..............#..##.
....(.(..##.#)§.....###.###
.........##.#§######.##)##.
.####.#.Jr@.#§# ##.#...#
.......s####§# ##.#.##
###.##.## #§# ##...# #. #.#
#.# #....# # #.# #§# #.....
#.# #(# #..#.. #.# ..#
#..#.. #. ### #..##. #..# .


You could see an ooze, a quokka and a giant cockroach.

Vanquished Creatures
  A leopard gecko (D:1)
  2 giant cockroaches
  3 goblins
  3 hobgoblins
  3 ball pythons
  A bat (D:1)
  2 frilled lizards (D:1)
  2 kobolds (D:2)
  A leopard gecko zombie (D:2)
  3 rats (D:1)
21 creatures vanquished.

Notes
Turn   | Place    | Note
-------+----------+-------------------------------------------
     0 | D:1      | Mgcat the Gnoll Transmuter began the quest for the Orb.
     0 | D:1      | Reached XP level 1. HP: 17/17 MP: 6/6
    89 | D:1      | Found a shimmering altar of Xom.
   109 | D:1      | Reached XP level 2. HP: 22/23 MP: 5/7
   116 | D:1      | Learned a level 2 spell: Sticks to Snakes
   577 | D:2      | HP: 2/23 [quokka (4)]
   578 | D:2      | Slain by a quokka

Action                   || total
-------------------------++-------
Melee: Unarmed           ||    46
       Punch             ||     4
       Bite              ||     3
       Hunting sling     ||    20
       Kick              ||     2
 Fire: Hunting sling     ||    11
 Cast: Beastly Appendage ||     5
  Use: Scroll            ||     2
 Stab: Sleeping          ||     1
Armor: Robe              ||    15
Dodge: Dodged            ||    64

Vault maps used:
D:1:      roderic_dead_forest, serial_park_tiny_1, xom_teletrap_fun
D:2:      grunt_dithmenos_smoke

Table legend:
 A = Turns spent in this place as a percentage of turns spent in the entire game.
 B = Non-inter-level travel turns spent in this place as a percentage of non-inter-level travel turns spent in the entire game.
 C = Inter-level travel turns spent in this place as a percentage of turns spent in this place.
 D = Turns resting spent in this place as a percentage of non-inter-level travel turns spent in this place.
 E = Turns spent auto-exploring this place as a percentage of non-inter-level travel turns spent in this place.
 F = Non-inter-level travel turns spent in this place divided by the number of levels of this place that you've seen.
                   A       B       C       D       E      F
               +-------+-------+-------+-------+-------+----------------------
         Total | 100.0 | 100.0 |   2.9 |   0.0 |  69.3 | 280.5
       Dungeon | 100.0 | 100.0 |   2.9 |   0.0 |  69.3 | 280.5
               +-------+-------+-------+-------+-------+----------------------

Table legend:
 A = Kills in this place as a percentage of kills in entire the game.
 B = Kills by you in this place as a percentage of kills by you in the entire game.
 C = Kills by friends in this place as a percentage of kills by friends in the entire game.
 D = Other kills in this place as a percentage of other kills in the entire game.
 E = Experience gained in this place as a percentage of experience gained in the entire game.
 F = Experience gained in this place divided by the number of levels of this place that you have seen.
                   A       B       C       D       E      F
               +-------+-------+-------+-------+-------+----------------------
         Total | 100.0 | 100.0 |   N/A |   N/A | 100.0 |  16.0
       Dungeon | 100.0 | 100.0 |   N/A |   N/A | 100.0 |  16.0
               +-------+-------+-------+-------+-------+----------------------
